 Dungeon Crawl Stone Soup version 0.31-a0-692-gf03d1854d5 (webtiles) character file.

Game seed: 11558409718206509215

208 qw the Shooter (level 5, -2/32 HPs)
             Began as a Gargoyle Hunter on Sept 6, 2023.
             Was an Initiate of Okawaru.
             Slain by an iguana (10 damage)
             ... on level 4 of the Dungeon.
             The game lasted 00:01:00 (2414 turns).

qw the Shooter (Gargoyle Hunter)                    Turns: 2414, Time: 00:01:00

Health: -2/32      AC:  9    Str: 15    XL:     5   Next: 86%
Magic:  5/5        EV: 11    Int:  9    God:    Okawaru [......]
Gold:   268        SH:  0    Dex: 15    Spells: 4/4 levels left

rFire   . . .        Y - +1 shortbow
rCold   . . .        (shield currently unavailable)
rNeg    + . .        d - +0 ring mail
rPois   inf          (no helmet)
rElec   +            (no cloak)
rCorr   .            (no gloves)
SInv    .            (no boots)
Will    .....        a - amulet of faith
Stlth   +            (no ring)
HPRegen 0.25/turn    (no ring)
MPRegen 0.09/turn

%: faith
@: about to teleport
A: sickness immunity, AC +4, negative energy resistance 1, electricity
resistance, torment resistance 1, petrification resistance
a: Renounce Religion


You were on level 4 of the Dungeon.
You worshipped Okawaru.
Okawaru was noncommittal.
You visited 2 branches of the dungeon, and saw 5 of its levels.

You collected 268 gold pieces.


Innate Abilities, Weirdness & Mutations

You are immune to sickness and miasma.
Your stone body is resilient. (AC +4)
You are immune to poison.
You resist negative energy. (rN+)
You are resistant to electric shocks. (rElec)
You are resistant to unholy torment.
You are immune to petrification.


   Skills:
 - Level 3.1 Fighting
 + Level 5.9 Ranged Weapons
 - Level 2.6 Armour
 - Level 1.5 Dodging
 - Level 1.1 Stealth


You had 4 spell levels left.
You didn't know any spells.
Your spell library was empty.

Inventory:

Hand Weapons
 Y - a +1 shortbow (weapon)
Armour
 d - a +0 ring mail (worn)
Jewellery
 a - an amulet of faith (around neck)
Scrolls
 b - a scroll of identify
 h - 2 scrolls of enchant armour
 j - a scroll of teleportation
Potions
 e - a potion of mutation
 g - 2 potions of curing
 i - a potion of heal wounds {unknown}
 l - a potion of resistance {unknown}

Dungeon Overview and Level Annotations

Branches:
Dungeon (4/15)             Temple (1/1) D:4

Altars:
Ashenzari
Dithmenos
Elyvilon
Fedhas
Hepliaklqana
Kikubaaqudgha
Makhleb
Nemelex Xobeh
Okawaru
Qazlal
Ru
Sif Muna
Trog
Uskayaw
Vehumet
Xom
Zin

Annotations:
D:1 1 transporter


Message History

The arrow hits the iguana but does no damage.
The iguana is moderately wounded.
You shoot an arrow. The arrow closely misses the iguana.
The iguana bites you but does no damage.
The iguana closely misses you.
You shoot an arrow. The arrow hits the iguana.
The iguana is heavily wounded.
The iguana bites you.
You shoot an arrow. The arrow barely misses the iguana.
The iguana bites you.
You shoot an arrow. The arrow barely misses the iguana.
The iguana bites you but does no damage.
You shoot an arrow. The arrow barely misses the iguana.
The iguana closely misses you.
The iguana bites you but does no damage.
You shoot an arrow. The arrow hits the iguana.
The iguana is heavily wounded.
The iguana completely misses you.
You shoot an arrow.
The arrow hits the iguana but does no damage.
The iguana is heavily wounded.
The iguana bites you!
You shoot an arrow. The arrow hits the iguana.
The iguana is severely wounded.
The iguana barely misses you.
You shoot an arrow. The arrow barely misses the iguana.
The iguana bites you.
You shoot an arrow. The arrow barely misses the iguana.
The iguana barely misses you. The iguana bites you.
2412 ||| READING 2 scrolls of teleportation.
As you read the scroll of teleportation, it crumbles to dust.
You feel strangely unstable. The iguana misses you.
You shoot an arrow.
The arrow hits the iguana but does no damage.
The iguana is severely wounded.
The iguana completely misses you.
You shoot an arrow. The arrow barely misses the iguana.
The iguana bites you!
You die...

##......##..##
###...##.......##...#
#......+<......#....#
#......##.....>.....#
.#.......#.[.........#
.'.......#....#.##...#
#.......#......##...#
#.....l##.....#.....###
#.....@'......#.......#
#####...##.:..#.....%[..#
#...#+#.#......#........#
......#####....##.......#
....... #.#'#...........#
.......##...###.......###
.......'......#....#..#
......##......#....#..#
..... #.......#.......#


You could see an iguana.

Vanquished Creatures
  A phantom (D:4)
  6 adders
  A white imp (D:3)
  2 dart slugs (D:1)
  5 orcs (D:3)
  8 bats
  8 endoplasms
  4 giant cockroaches
  5 goblins
  8 hobgoblins
  3 jackals (D:2)
  3 kobolds
  2 ball pythons (D:3)
  5 frilled lizards
  2 rats
63 creatures vanquished.

Notes
Turn   | Place    | Note
-------+----------+-------------------------------------------
     0 | D:1      | qw the Gargoyle Hunter began the quest for the Orb.
     0 | D:1      | Reached XP level 1. HP: 12/12 MP: 1/1
     0 | D:1      | 0 ||| qw: Version: 0.3-a-76-g4403597
     0 | D:1      | 0 ||| qw: Game counter: 109
     0 | D:1      | 0 ||| qw: Melee chars always use a shield: true
     0 | D:1      | 0 ||| qw: God list: Okawaru
     0 | D:1      | 0 ||| qw: Allow faded altars: false
     0 | D:1      | 0 ||| qw: Do Orc after clearing Dungeon:15 true
     0 | D:1      | 0 ||| qw: Do second Lair branch before Depths: true
     0 | D:1      | 0 ||| qw: Lair rune preference: random
     0 | D:1      | 0 ||| qw: Goals: Normal
     0 | D:1      | 0 ||| PLANNING D:1-11
    98 | D:1      | Reached XP level 2. HP: 17/17 MP: 2/2
   457 | D:1      | Reached XP level 3. HP: 21/21 MP: 3/3
   633 | D:1      | Reached skill level 5 in Ranged Weapons
   825 | D:1      | 825 ||| READING scroll labelled YNYUCK GUVILAF.
   826 | D:1      | 826 ||| READING scroll labelled JELEGI VAIWILL.
   830 | D:1      | 830 ||| READING scroll labelled LAQEICHYE.
   831 | D:1      | 831 ||| READING 2 scrolls labelled MURESA OLEHIZAM.
   832 | D:1      | 832 ||| DROPPING scroll of butterflies.
   833 | D:1      | 833 ||| DROPPING scroll of fog.
   872 | D:2      | Reached skill level 3 in Fighting
   872 | D:2      | 872 ||| FLEEEEING.
   873 | D:2      | 873 ||| FLEEEEING.
   982 | D:2      | Reached XP level 4. HP: 27/28 MP: 4/4
  1402 | D:2      | Found a faded altar of an unknown god.
  1405 | D:2      | 1405 ||| UPGRADING to amulet of faith.
  1410 | D:2      | 1410 ||| READING scroll labelled MEBLEBOITEB.
  1411 | D:2      | 1411 ||| READING scroll labelled GUSSOR LOLUREA.
  1412 | D:2      | 1412 ||| READING scroll labelled XEOZUSK CIGYRCHEXU.
  1413 | D:2      | 1413 ||| READING 2 scrolls of identify.
  1413 | D:2      | 1413 ||| IDENTIFYING yellow potion
  1514 | D:3      | 1514 ||| FLEEEEING.
  1517 | D:3      | 1517 ||| FLEEEEING.
  1519 | D:3      | 1519 ||| STAIRDANCE
  1562 | D:3      | Found a shimmering altar of Xom.
  1571 | D:3      | Found a sacrificial altar of Ru.
  1594 | D:3      | Reached XP level 5. HP: 23/32 MP: 5/5
  1752 | D:3      | Found a shadowy altar of Dithmenos.
  1983 | D:3      | Found a white marble altar of Elyvilon.
  2214 | D:3      | 2214 ||| UPGRADING to +0 ring mail.
  2224 | D:3      | 2224 ||| DROPPING +0 leather armour.
  2225 | D:3      | 2225 ||| READING scroll labelled ZUEKHAM ILEUL.
  2226 | D:3      | 2226 ||| READING scroll labelled BEMOZX AFUOTHIW.
  2227 | D:3      | 2227 ||| READING 2 scrolls of identify.
  2227 | D:3      | 2227 ||| IDENTIFYING bubbling emerald potion
  2263 | D:4      | Found a staircase to the Ecumenical Temple.
  2264 | D:4      | 2264 ||| PLANNING TEMPLE
  2278 | Temple   | Found a transporter.
  2278 | Temple   | Found a transporter.
  2278 | Temple   | Found a transporter.
  2278 | Temple   | Found a transporter.
  2278 | Temple   | Entered the Ecumenical Temple
  2279 | Temple   | 2279 ||| PLANNING D:1-11
  2287 | Temple   | 2287 ||| PLANNING OKAWARU WORSHIP
  2293 | Temple   | Became a worshipper of Warmaster Okawaru
  2294 | Temple   | 2294 ||| PLANNING D:1-11
  2348 | D:4      | Noticed a phantom
  2358 | D:4      | Killed a phantom
  2411 | D:4      | HP: 8/32 [iguana (4)]
  2412 | D:4      | 2412 ||| READING 2 scrolls of teleportation.
  2414 | D:4      | Slain by an iguana

Levels and vault maps discovered:
D:1:      spicycebolla_arrival_risky_transporter, layout_loops_corners
D:2:      layout_rooms, dilly_ecumenical_altar_fadedgnrine
D:3:      layout_loops_ring, amcnicky_altar_gilded, grunt_temple_overflow_open,
          mainiacjoe_overflow_alcove_1
D:4:      nicolae_cairo_tiling_very_big, layout_rooms, uniq_ijyb,
          uniq_blork_the_orc, uniq_edmund
Temple:   hellmonk_temple_divided_pantheon

Skill      XL: |  1  2  3  4  5 |
---------------+----------------+-----
Ranged Weapons | 5 |  5.9
Fighting       | 3 |  3.1
Armour         | 2 |  2.6
Dodging        | |  1.5
Stealth        | |  1.1

Action                     |  1- 3 |  4- 6 || total
---------------------------+-------+-------++-------
   Fire: Shortbow          |    93 |   125 ||   218
    Use: Scroll            |     4 |     8 ||    12
 Armour: Leather armour    |    24 |    37 ||    61
         Ring mail         |       |    19 ||    19
  Dodge: Dodged            |    21 |    49 ||    70

Table legend:
 A = Non-vault XP
 B = Vault XP
 C = Vault XP percentage of total XP
 D = Non-vault monster count
 E = Vault monster count
 F = Vault count percentage of total count
                 A         B        C        D         E       F
            +---------+---------+-------+---------+---------+-------
      Total |     298 |       0 |   0.0 |      63 |       0 |   0.0
            +---------+---------+-------+---------+---------+-------
        D:1 |      48 |       0 |   0.0 |      26 |       0 |   0.0
        D:2 |      79 |       0 |   0.0 |      18 |       0 |   0.0
        D:3 |      64 |       0 |   0.0 |      16 |       0 |   0.0
        D:4 |     107 |       0 |   0.0 |       3 |       0 |   0.0
            +---------+---------+-------+---------+---------+-------
